cohdb
Replays
Latest Replays
All Replays
Popular Replays
Top Player Replays
Match Explorer
How It Works
Community
CoH3 Stats
Reddit
Sign in to upload your games and track your stats! →
Sign in with Steam
Match 41120184
Unlisted
Match 41120184
Overview
Messages
Build Orders
End
250 Light Carrier
250 Light Carrier
Selects Armored Support Battlegroup
Selects Armored Support Battlegroup
Construct Light Support Kompanie
Combat Half-tracks
250 Light Carrier
MG34 Team
Selects Salvage Kits
Selects Superior Fire Drills
Selects Veteran Gunners
Fire Support Elements
Vehicle Survival Package
Panzerjäger Mechanized Group
Advanced Field Repairs
Selects Salvage Kits
Construct Panzerarmee Kommand
Emergency Repair Kits
Rapid Advance
Panzer III L Medium Tank
Advanced Optics
Tungsten Core Ammunition
Panzerjäger Mechanized Group
Selects Panzer Storm
Panzer III L Medium Tank
Panzer III L Medium Tank
Selects Stuka Anti-tank Loiter
Stuka Anti-tank Loiter
Panzer Storm
Pak 38 Mechanized Group
Panzer III L Medium Tank
Stuka Anti-tank Loiter
Flak 36 Anti-tank Gun Team
Panzer III L Medium Tank
Armored Reserves
Stuka Anti-tank Loiter
Tiger Heavy Tank
Selects Flammpanzer III Medium Tank
Selects Command Panzer IV F Medium Tank
CosmoBluePlanet
Hudkey
I Wumbo, You Wumbo
SoldMyDad
Minimizen
Lyara
papa smurf
Noch
0
0
Comments
sign in to comment!
No comments posted yet!